 Dungeon Crawl Stone Soup version 0.27-a0-1595-g0b823d0a13 (webtiles) character file.

Game seed: 7846715758354949233

204 HAL9000 the Sneak (level 5, 0/26 HPs)
             Began as a Vine Stalker Brigand on July 20, 2021.
             Slain by Sigmund (10 damage)
             ... on level 3 of the Dungeon.
             The game lasted 00:03:36 (2014 turns).

HAL9000 the Sneak (Vine Stalker Brigand)            Turns: 2014, Time: 00:03:37

Health: 0/26       AC:  3    Str: 14    XL:     5   Next: 82%
Magic:  0/6        EV: 15    Int: 11    God:
Gold:   80         SH:  0    Dex: 16    Spells: 4/4 levels left

rFire    . . .     SeeInvis .   a - +2 dagger
rCold    . . .     Faith    .   (no shield)
rNeg     . . .     Spirit   +   b - +0 robe
rPois    .         Reflect  .   (no helmet)
rElec    .         Harm     .   c - +0 cloak
rCorr    .         Rampage  .   (no gloves)
Will     +....                  (no boots)
Stlth    +++.......             (no amulet)
HPRegen  1.08/turn              i - ring of willpower
MPRegen  0.10/turn              k - +4 ring of evasion

@: no status effects
A: fangs 2, regeneration 1, magic shield, antimagic bite, no potion heal 2
a: no special abilities


You were on level 3 of the Dungeon.
You visited 1 branch of the dungeon, and saw 3 of its levels.

You collected 80 gold pieces.

Inventory:

Hand Weapons
 a - a +2 dagger (weapon)
Missiles
 d - a throwing net
 g - an atropa-tipped dart (quivered)
 n - 2 curare-tipped darts
 r - 3 poisoned darts
Armour
 b - a +0 robe (worn)
 c - a +0 cloak (worn)
Jewellery
 i - a ring of willpower (left hand)
 k - a +4 ring of evasion (right hand)
Scrolls
 e - a scroll of noise {unknown}
 f - a scroll of enchant armour {unknown}
 j - a scroll of summoning {unknown}
 o - a scroll of identify {unknown}
 p - a scroll of teleportation {unknown}
Potions
 h - a potion of degeneration {unknown}
 l - a potion of resistance {unknown}
 m - a potion of curing {unknown}
 q - a potion of brilliance {unknown}


   Skills:
 - Level 1.7 Fighting
 - Level 1.7 Short Blades
 - Level 4.3 Throwing
 - Level 0.7 Dodging
 + Level 6.6 Stealth


You had 4 spell levels left.
You didn't know any spells.
Your spell library contained the following spells:

 Spells                   Type           Power      Damage    Failure   Level
 Corona                   Hex            0%         N/A       34%         1
 Ensorcelled Hibernation  Hex/Ice        0%         N/A       47%         2
 Inner Flame              Hex/Fire       0%         N/A       71%         3
 Tukima's Dance           Hex            0%         N/A       71%         3
 Cause Fear               Hex            0%         N/A       98%         4
 Discord                  Hex            0%         N/A       100%        8


Dungeon Overview and Level Annotations

Branches:
Dungeon (3/15)

Altars:

Annotations:
D:3 Grinder, Sigmund


Innate Abilities, Weirdness & Mutations

You have extremely sharp teeth.
Your natural rate of healing is unusually fast.
When hurt, damage is shared between your health and your magic reserves.
Your bite disrupts and absorbs the magic of your enemies.
Potions cannot restore your health.


Message History

Throw: 3 darts (atropa)
Press: ? - help, Q - select action, (/) - cycle Shift-Dir - straight line, f - Sigmund
Aim: Sigmund, wielding a +0 scythe and wearing a +0 robe (58% to hit, chance to blind on hit: 91%)
You throw an atropa-tipped dart. The atropa-tipped dart hits Sigmund!
Sigmund resists.
Sigmund closely misses you.
Throw: 2 darts (atropa)
Press: ? - help, Q - select action, (/) - cycle Shift-Dir - straight line, f/p - Sigmund
Aim: Sigmund, wielding a +0 scythe and wearing a +0 robe (58% to hit, chance to blind on hit: 91%)
You throw an atropa-tipped dart. The atropa-tipped dart hits Sigmund!
Sigmund appears confused.
Throw: dart (atropa)
Press: ? - help, Q - select action, (/) - cycle Shift-Dir - straight line, f/p - Sigmund
Aim: Sigmund, wielding a +0 scythe and wearing a +0 robe (confused, blind, 79% to hit, chance to blind on hit: 91%)
Okay, then.
You hit Sigmund but do no damage.
Sigmund seems less confused.
Sigmund completely misses you.
You catch the helpless Sigmund completely off-guard!
You puncture Sigmund!
Sigmund is heavily wounded.
Sigmund misses you.
You hit Sigmund. Your bite misses Sigmund.
Sigmund is severely wounded.
Sigmund misses you.
You hit Sigmund.
Sigmund is severely wounded.
Sigmund gestures wildly while chanting.
Sigmund flickers and vanishes!
Deactivating autopickup; reactivate with Ctrl-A.
You hit something. Something hits you!
You closely miss something.
You hear some strange, mumbled words.
A puff of flame appears from out of thin air!
The puff of flame hits you!
You completely miss something.
You hear some strange, mumbled words.
A magic dart appears from out of thin air!
The magic dart hits you.
You miss something. Something hits you!
You die...

#.## #.#.# .#
#.# #.#.# #.##
#.#.. #..# ###
#.>############.
#..#............
#..#.#.#.#######
#......#.......#
#.############@#
#.# #{# #.# #.#
#. ..# ## #.#
#.# #.# ###


There were no monsters in sight!

Vanquished Creatures
  A jelly (D:2)
  4 gnolls (D:3)
  7 adders
  5 worms
  4 ball pythons
  2 bats
  5 endoplasms
  A giant cockroach (D:1)
  8 goblins
  8 hobgoblins
  4 jackals (D:1)
  2 quokkas (D:3)
  4 kobolds
  4 rats
59 creatures vanquished.

Notes
Turn   | Place    | Note
-------+----------+-------------------------------------------
     0 | D:1      | HAL9000 the Vine Stalker Brigand began the quest for the
                  | Orb.
     0 | D:1      | Reached XP level 1. HP: 11/11 MP: 2/2
   249 | D:1      | Reached XP level 2. HP: 15/15 MP: 3/3
   302 | D:1      | Found a faded altar of an unknown god.
   672 | D:1      | Reached XP level 3. HP: 18/18 MP: 4/4
  1045 | D:2      | Gained mutation: Your natural rate of healing is unusually
                  | fast. [Vine Stalker growth]
  1045 | D:2      | Reached XP level 4. HP: 8/23 MP: 3/5
  1218 | D:2      | Reached skill level 5 in Stealth
  1274 | D:2      | Reached XP level 5. HP: 21/26 MP: 6/6
  1753 | D:3      | Reached skill level 6 in Stealth
  1867 | D:3      | Noticed Grinder
  2003 | D:3      | Noticed Sigmund
  2014 | D:3      | Slain by Sigmund

Illustrated notes

Levels and vault maps discovered:
D:1:      dpeg_chamrin_arrival_tetris, layout_basic,
          dreamdust_ecumenical_altar_statues
D:2:      layout_basic, minmay_octomino_c4
D:3:      layout_basic, marbit_many_paths, serial_glass, glass_columns_b,
          glass_columns_b, glass_columns_b, glass_columns_b, uniq_sigmund,
          uniq_grinder

Skill      XL: |  1  2  3  4  5 |
---------------+----------------+-----
Throwing       | 2 3 4 |  4.3
Stealth        | 5 6 |  6.6
Fighting       | |  1.7
Short Blades   | |  1.7
Dodging        | |  0.7

Action                   |  1- 3 |  4- 6 || total
-------------------------+-------+-------++-------
Melee: Dagger            |    81 |   113 ||   194
       Bite              |    20 |    25 ||    45
Throw: Dart              |    23 |    22 ||    45
  Use: Scroll            |       |     1 ||     1
       Potion            |       |     1 ||     1
 Stab: Sleeping          |     3 |     1 ||     4
       Invisible         |       |     1 ||     1
Armor: Robe              |    18 |    15 ||    33
Dodge: Dodged            |    62 |    68 ||   130

Table legend: (Time is in decaauts)
 A = Elapsed time spent in this place.
 B = Non-inter-level travel time spent in this place.
 C = Inter-level travel time spent in this place.
 D = Time resting spent in this place.
 E = Time spent auto-exploring this place.
 F = Levels seen in this place.
 G = Mean time per level.
                   A        B        C        D        E       F      G
               +--------+--------+--------+--------+--------+-----+--------+
         Total |   1988 |   1944 |     44 |     27 |   1380 |   3 |  662.7 |
       Dungeon |   1988 |   1944 |     44 |     27 |   1380 |   3 |  662.7 |
               +--------+--------+--------+--------+--------+-----+--------+

Top non-repeatable levels by time:
     D:2: 799 daAuts
     D:1: 776 daAuts
     D:3: 411 daAuts
